AoeStats
← Iguano Pop

Arabia

506280689Analyzed
2v2 RM · 19d ago on Sep 13, 2026· 48m 17s· 4 players
Game mode
Random Map
Map size
Medium (4 player)
Population
200
Speed
Normal
Resources
Standard
Victory
Conquest
Starting age
Dark Age
Ending age
Imperial Age
RankedLock teamsTeams togetherTeam positionsShared explorationLock speedFull tech treeHidden civsTurbo modeCheats
Victory
Defeat
🇭🇰 Romans · Hong Kong SAR China
1374
+15
🇺🇸 Franks · United States
1300
+18
🇺🇸 Magyars · United States
1371
-17
🇲🇽 Lithuanians · Mexico
1327
-16
Iguano Pop
6:16 Loom
9:15 Feudal Age
9:50 Double-Bit Axe
10:45 Town Watch
19:59 Bloodlines
24:43 Castle Age
23:18 Gold Mining
25:49 Scale Barding Armor
27:25 Chain Barding Armor
32:08 Forging
33:03 Wheelbarrow
pancomido3
6:11 Loom
9:18 Feudal Age
10:19 Double-Bit Axe
12:59 Horse Collar
21:18 Fletching
22:34 Scale Barding Armor
26:16 Castle Age
24:43 Bloodlines
24:59 Gold Mining
27:14 Wheelbarrow
28:30 Bow Saw
29:32 Gold Shaft Mining
32:23 Chain Barding Armor
32:22 Heavy Plow
35:56 Husbandry
43:07 Imperial Age
42:07 Hand Cart
41:38 Town Watch
43:43 Town Patrol
43:10 Cavalier
44:35 Plate Barding Armor
CedarBongo4397
6:05 Loom
9:11 Feudal Age
10:09 Double-Bit Axe
19:38 Wheelbarrow
20:09 Forging
27:36 Castle Age
26:30 Stone Mining
26:31 Gold Mining
27:56 Fletching
28:58 Gold Shaft Mining
28:46 Hand Cart
28:06 Pikeman
31:48 Scale Barding Armor
32:07 Bow Saw
33:05 Chain Barding Armor
33:36 Bodkin Arrow
35:44 Iron Casting
39:03 Chain Barding Armor
38:43 Scale Mail Armor
40:39 Ballistics
43:22 Iron Casting
46:27 Imperial Age
47:33 Husbandry
48:09 Plate Barding Armor
47:02 Cavalier
49:51 Blast Furnace
AI (HD Version)
7:20 Loom
9:53 Feudal Age
10:19 Double-Bit Axe
14:18 Horse Collar
19:15 Castle Age
18:52 Scale Mail Armor
20:13 Bow Saw
21:41 Pikeman
24:56 Man-at-Arms
25:36 Squires
26:01 Long Swordsman
28:16 Forging
28:42 Squires
35:37 Chain Mail Armor
40:35 Imperial Age
39:42 Wheelbarrow
40:14 Iron Casting
40:43 Halberdier
42:35 Blast Furnace
41:16 Capped Ram
42:18 Legionary
45:22 Hand Cart
45:19 Heavy Plow
Connection lost

Rejoining the realm…

Still unreachable

The connection could not be restored.

Session expired

The server has moved on; the page needs a fresh start.